 Dungeon Crawl Stone Soup version 0.23-a0-183-gf37f6fb (webtiles) character file.

840 Felrender the Covered (level 7, -2/61 HPs)
             Began as a Minotaur Fighter on Sept 22, 2018.
             Was an Initiate of Wu Jian.
             Slain by a large slime creature (34 damage)
             ... on level 5 of the Dungeon.
             The game lasted 00:12:11 (4675 turns).

Felrender the Covered (Minotaur Fighter)            Turns: 4675, Time: 00:12:11

Health: -2/61      AC:  8    Str: 22    XL:     7   Next: 67%
Magic:  2/2        EV: 11    Int:  5    God:    Wu Jian [......]
Gold:   241        SH:  0    Dex: 10    Spells: 6/6 levels left

rFire    . . .     SeeInvis .   q - +4 halberd (antimagic)
rCold    . . .     Gourm    .   (shield currently unavailable)
rNeg     + . .     Faith    .   b - +0 scale mail
rPois    .         Spirit   .   (helmet restricted)
rElec    .         Reflect  .   n - +0 cloak
rCorr    .         Harm     .   (no gloves)
MR       .....                  (no boots)
Stlth    ..........             (no amulet)
HPRegen  0.20/turn              g - ring of positive energy
MPRegen  0.08/turn              (no ring)

@: no status effects
A: retaliatory headbutt, horns 2
a: Renounce Religion


You were on level 5 of the Dungeon.
You worshipped Wu Jian.
Wu Jian was noncommittal.
You were not hungry.

You visited 2 branches of the dungeon, and saw 6 of its levels.

You collected 241 gold pieces.

Inventory:

Hand Weapons
 a - a +1 long sword
 m - a +4 quarterstaff of chaos
 o - a +1 mace of crushing
 q - a +4 antimagic halberd (weapon)
Armour
 b - a +0 scale mail (worn)
 c - a +1 shield
 n - a +0 cloak (worn)
Jewellery
 g - a ring of positive energy (left hand)
Scrolls
 i - 4 scrolls of remove curse
 j - 3 scrolls of teleportation
Potions
 e - a potion of brilliance
 h - a potion of cancellation
 k - a potion of heal wounds
 l - a potion of ambrosia
Comestibles
 f - 3 rations


   Skills:
 + Level 5.1 Fighting
 - Level 4.8 Long Blades
 * Level 3.4 Polearms
 + Level 5.7 Armour
 + Level 2.4 Dodging
 - Level 1.3 Stealth
 + Level 5.0 Shields
 * Level 3.4 Unarmed Combat


You had 6 spell levels left.
You didn't know any spells.
Your spell library was empty.

Dungeon Overview and Level Annotations

Branches:
Dungeon (5/15)             Temple (1/1) D:4

Altars:
Ashenzari
Dithmenos
Elyvilon
Fedhas
Hepliaklqana
Okawaru
Ru
Uskayaw
Wu Jian
Xom
Yredelemnul
Zin


Innate Abilities, Weirdness & Mutations

You reflexively headbutt those who attack you in melee.
You have a pair of horns on your head.


Message History

The large slime creature misses you.
You puncture the large slime creature!
The large slime creature is heavily wounded.
The large slime creature hits you but does no damage.
You barely miss the large slime creature.
You headbutt the large slime creature!
The large slime creature is heavily wounded.
The large slime creature hits you!
The large slime creature barely misses you.
You slash the large slime creature! You headbutt the large slime creature!
The large slime creature is severely wounded.
The large slime creature misses you.
You hit the large slime creature but do no damage.
The large slime creature is severely wounded.
The large slime creature hits you but does no damage.
You hit the large slime creature.
The large slime creature is severely wounded.
The large slime creature hits you. The large slime creature hits you!!
Ouch! That really hurt!
You die...

##..(..##
#.#
#.....[.#
#.#
#.......#
#.#
#.......#
#.#
#.......#
#.#
#....####
#.#
#....'..##
#.#######
########(#
#.#......
#J@...(##
#.#.#####
#J#######
#.#.#..#
#.P
#.#.#..#
#.P
#.#.#..#
#.J
#.#.#..##
#.J
#.#.#....
#.P
#.#.#.###
#..
#.#.#.###
#...#....


You could see a large slime creature and an ooze.

Vanquished Creatures
  A phantom (D:4)
  4 big kobolds (D:5)
  The ghost of COBRA the Sneak, an amateur FeAr of Yredelemnul (D:4)
  A wyvern zombie (D:4)
  A bullfrog zombie (D:4)
  A hound (D:4)
  An orc priest (D:3)
  Crazy Yiuf (D:3)
  An orc wizard (D:3)
  4 gnolls (D:4)
  10 adders
  An ooze (D:1)
  4 worms
  2 dart slugs
  4 leopard geckos
  5 orcs (D:3)
  3 giant cockroaches
  8 goblins
  2 hobgoblins
  2 jackals (D:2)
  7 kobolds
  2 quokkas (D:3)
  A ball python (D:3)
  8 bats
  2 frilled lizards (D:2)
  6 rats
83 creatures vanquished.

Vanquished Creatures (others)
  13 toadstools (D:5)
13 creatures vanquished.

Grand Total: 96 creatures vanquished

Notes
Turn   | Place    | Note
-------+----------+-------------------------------------------
     0 | D:1      | Felrender the Minotaur Fighter began the quest for the Orb.
     0 | D:1      | Reached XP level 1. HP: 19/19 MP: 0/0
    75 | D:1      | Reached XP level 2. HP: 27/27 MP: 1/1
   749 | D:2      | Reached XP level 3. HP: 24/33 MP: 2/2
  1467 | D:3      | Reached skill level 1 in Stealth
  1467 | D:3      | Reached skill level 1 in Unarmed Combat
  1467 | D:3      | Reached XP level 4. HP: 8/40 MP: 3/3
  1789 | D:3      | Reached XP level 5. HP: 28/46 MP: 4/4
  1940 | D:3      | Reached skill level 1 in Dodging
  2063 | D:3      | Found a runed door.
  2093 | D:3      | Noticed Crazy Yiuf
  2101 | D:3      | Killed Crazy Yiuf
  3029 | D:4      | Reached XP level 6. HP: 15/53 MP: 1/5
  3676 | D:4      | Found a staircase to the Ecumenical Temple.
  3685 | Temple   | Entered the Ecumenical Temple
  3735 | Temple   | Became a worshipper of the Wu Jian Council
  3805 | D:4      | Found a runed gate.
  3805 | D:4      | Found a runed gate.
  3805 | D:4      | Found a runed gate.
  3808 | D:4      | Noticed COBRA's ghost (amateur FeAr)
  3825 | D:4      | Killed COBRA's ghost
  3825 | D:4      | Reached skill level 5 in Armour
  3832 | D:4      | Reached skill level 1 in Polearms
  3832 | D:4      | Reached XP level 7. HP: 5/60 MP: 2/6
  3832 | D:4      | HP: 2/60 [bullfrog zombie (3)]
  4382 | D:5      | Entered Level 5 of the Dungeon
  4446 | D:5      | Reached skill level 5 in Fighting
  4446 | D:5      | Reached skill level 5 in Shields
  4661 | D:5      | Noticed a slime creature
  4661 | D:5      | Noticed a slime creature
  4675 | D:5      | Slain by a large slime creature

Vault maps used:
D:1:      matt_arrival_diagonals, kennysheep_decorative_pillar,
          serial_bayou_lake_a
D:3:      first_ration, eino_tiny_chamber, minmay_stone_trees_small,
          uniq_crazy_yiuf_cottage
D:4:      minmay_temple_entry_statues, gammafunk_ghost_necromancy
D:5:      cheibrodos_fertilizer, kennysheep_slug_shrine
Temple:   minmay_temple_bridge_abc

Skill      XL: |  1  2  3  4  5  6  7 |
---------------+----------------------+-----
Fighting       | 4 5 |  5.1
Armour         | 4 5 |  5.7
Shields        | 4 5 |  5.0
Long Blades    | 3 4 |  4.8
Stealth        | 1 |  1.3
Unarmed Combat | 1 2 3 |  3.4
Dodging        | 1 2 |  2.4
Polearms       | 1 3 |  3.4

Action                   |  1- 3 |  4- 6 |  7- 9 || total
-------------------------+-------+-------+-------++-------
Melee: Long sword        |    91 |   138 |       ||   229
       Headbutt          |    11 |    26 |     4 ||    41
       Halberd           |       |    16 |    35 ||    51
  Use: Scroll            |     5 |     7 |     3 ||    15
       Potion            |     1 |     3 |     1 ||     5
  Eat: Chunk             |     1 |     2 |       ||     3
       Ration            |     1 |     1 |     1 ||     3
Armor: Scale mail        |    39 |    61 |    13 ||   113
Dodge: Dodged            |    23 |    56 |    23 ||   102
Block: Shield            |    45 |    85 |       ||   130
       Rpst.: Long sword |     6 |    10 |       ||    16

Table legend:
 A = Non-vault XP
 B = Vault XP
 C = Vault XP percentage of total XP
 D = Non-vault monster count
 E = Vault monster count
 F = Vault count percentage of total count
                 A         B        C        D         E       F
            +---------+---------+-------+---------+---------+-------
      Total |     566 |     635 |  52.9 |      72 |      11 |  13.3
            +---------+---------+-------+---------+---------+-------
        D:1 |      29 |       0 |   0.0 |      14 |       0 |   0.0
        D:2 |      48 |       0 |   0.0 |      18 |       0 |   0.0
        D:3 |     218 |      40 |  15.5 |      31 |       1 |   3.1
        D:4 |     271 |     214 |  44.1 |       9 |       3 |  25.0
        D:5 |       0 |     381 | 100.0 |       0 |       7 | 100.0
            +---------+---------+-------+---------+---------+-------
